 Dungeon Crawl Stone Soup version 0.21-a0-258-g4c0eb85 (webtiles) character file.

410 Spazmo the Magician (level 6, -2/32 HPs)
             Began as a Deep Elf Fire Elementalist on Sept 6, 2017.
             Killed from afar by Spazmo's ghost (16 damage)
             ... with a puff of flame
             ... on level 4 of the Dungeon.
             The game lasted 00:14:40 (2589 turns).

Spazmo the Magician (Deep Elf Fire Elementalist)    Turns: 2589, Time: 00:14:41

Health: -2/32      AC:  3    Str:  5    XL:     6   Next: 58%
Magic:  10/16      EV: 13    Int: 22    God:
Gold:   153        SH:  0    Dex: 15    Spells: 6/16 levels left

rFire    . . .     SeeInvis .   l - +4 dagger
rCold    . . .     Gourm    .   (no shield)
rNeg     . . .     Faith    .   a - +0 robe
rPois    .         Spirit   .   f - +0 helmet
rElec    .         Reflect  .   (no cloak)
rCorr    .         Harm     .   (no gloves)
MR       .....                  (no boots)
Stlth    ++........             (no amulet)
HPRegen  0.10/turn              (no ring)
MPRegen  0.15/turn              (no ring)

@: very slightly contaminated
A: no striking features
a: no special abilities


You were on level 4 of the Dungeon.
You were not hungry.

You visited 1 branch of the dungeon, and saw 4 of its levels.

You collected 153 gold pieces.

Inventory:

Hand Weapons
 l - a +4 dagger (weapon)
Missiles
 h - 53 stones (quivered)
Armour
 a - a +0 robe (worn)
 f - a +0 helmet (worn)
Jewellery
 e - an uncursed amulet of rage
Scrolls
 j - 2 scrolls of enchant weapon
 k - 3 scrolls of teleportation
 m - 2 scrolls of identify
Potions
 o - a potion of ambrosia {unknown}
 p - a potion of might {unknown}
 q - a potion of lignification {unknown}
Books
 b - a book of Flames

   Spells                             Type                      Level
   a - Flame Tongue                   Conjuration/Fire             1
   b - Throw Flame                    Conjuration/Fire             2
   c - Conjure Flame                  Conjuration/Fire             3
   d - Inner Flame                    Hexes/Fire                   3
   e - Sticky Flame                   Conjuration/Fire             4
   f - Fireball                       Conjuration/Fire             5
 i - a book of Power

   Spells                             Type                      Level
   a - Iskenderun's Battlesphere      Conjuration/Charms           5
   b - Venom Bolt                     Conjuration/Poison           5
   c - Bolt of Magma                  Conjuration/Fire/Earth       5
   d - Iron Shot                      Conjuration/Earth            6
   e - Orb of Destruction             Conjuration                  7
   f - Spellforged Servitor           Conjuration/Summoning        7
Comestibles
 c - 2 bread rations
 d - 2 meat rations
 g - a royal jelly
 n - 6 chunks of flesh
 r - 4 fruits


   Skills:
 - Level 3.0 Dodging
 - Level 3.0 Stealth
 * Level 5.6 Spellcasting
 * Level 4.0 Conjurations
 * Level 5.4 Fire Magic


You had 6 spell levels left.
You knew the following spells:

 Your Spells              Type           Power        Failure   Level  Hunger
a - Flame Tongue          Conj/Fire      ####.        1%          1    None
b - Throw Flame           Conj/Fire      ####..       1%          2    None
c - Conjure Flame         Conj/Fire      ####....     4%          3    ##.....
d - Sticky Flame          Conj/Fire      ####....     14%         4    ####...


Dungeon Overview and Level Annotations

Branches:
Dungeon (4/15)
 Temple: D:4-7

Altars:
Ashenzari
Cheibriados
Dithmenos
Gozag
Nemelex Xobeh
The Shining One

Annotations:
D:4 Spazmo's ghost, amateur DEFE


Message History

Casting: Flame Tongue
Confirm with . or Enter, or press ? or * to list all spells.
Aiming: Conjure Flame
Press: ? - help, Dir - move target cursor You miscast Conjure Flame.
You are very lightly contaminated with residual magic.
Wisps of smoke drift from your hands.
Spazmo's ghost points at you and mumbles some strange words.
The puff of flame hits you!
Casting: Conjure Flame
Confirm with . or Enter, or press ? or * to list all spells.
Aiming: Conjure Flame
Press: ? - help, Dir - move target cursor The fire ignites!
Spazmo's ghost points at you and mumbles some strange words.
The puff of flame hits you!
Spazmo's ghost points at you and mumbles some strange words.
The puff of flame hits you!
Ouch! That really hurt!
You die...

#.# #.# #.###########
#...........#
####.#########.#
#....# #.### #.##.#
#...† #.##.# ####.###
#@##.# #.......
#.##.# #.#####.
#§##.# #.#####.
W..#.# ##[......
......# ##........
....... ##.#...)...
##.....####.##.......
##...## #.####....)#
....# ##.#####.÷)†


You could see Spazmo's ghost.

Vanquished Creatures
  A phantom (D:4)
  A quasit (D:3)
  2 orc priests
  Natasha (thrice) (D:3)
  A worker ant (D:3)
  Robin (D:3)
  5 adders
  2 worms
  A dart slug (D:3)
  2 leopard geckos
  7 orcs
  4 giant cockroaches
  13 goblins
  5 hobgoblins
  9 kobolds
  2 quokkas
  A ball python (D:3)
  5 bats
  3 frilled lizards
  7 rats
75 creatures vanquished.

Notes
Turn   | Place    | Note
-------+----------+-------------------------------------------
     0 | D:1      | Spazmo the Deep Elf Fire Elementalist began the quest for the Orb.
     0 | D:1      | Reached XP level 1. HP: 10/10 MP: 6/6
   124 | D:1      | Reached XP level 2. HP: 15/15 MP: 6/8
   128 | D:1      | Learned a level 2 spell: Throw Flame
   801 | D:2      | Found a shadowy altar of Dithmenos.
   978 | D:2      | Reached XP level 3. HP: 9/19 MP: 0/10
  1467 | D:3      | Reached XP level 4. HP: 24/24 MP: 7/12
  1494 | D:3      | Learned a level 3 spell: Conjure Flame
  1499 | D:3      | Learned a level 4 spell: Sticky Flame
  1702 | D:3      | Noticed Natasha
  1708 | D:3      | Killed Natasha
  1708 | D:3      | Reached XP level 5. HP: 13/28 MP: 8/13
  1759 | D:3      | Noticed Natasha
  1762 | D:3      | Killed Natasha
  1792 | D:3      | Found a snail-covered altar of Cheibriados.
  1834 | D:3      | Found a shattered altar of Ashenzari.
  1905 | D:3      | Noticed Robin
  1913 | D:3      | Killed Robin
  2045 | D:3      | Noticed Natasha
  2053 | D:3      | Killed Natasha
  2053 | D:3      | Reached skill level 5 in Spellcasting
  2213 | D:3      | Found a sparkling altar of Nemelex Xobeh.
  2290 | D:3      | Found an opulent altar of Gozag.
  2315 | D:3      | Found a glowing golden altar of the Shining One.
  2342 | D:4      | Reached skill level 5 in Fire Magic
  2342 | D:4      | Reached XP level 6. HP: 26/32 MP: 7/15
  2586 | D:4      | Noticed Spazmo's ghost (amateur DEFE)
  2589 | D:4      | Killed from afar by Spazmo's ghost

Vault maps used:
D:1:      co_arrival_square_in_a_square_in_a_square
D:2:      kb_forest_paths, first_bread, corner_web_ring,
          nicolae_dithmenos_through_a_glass_darkly
D:3:      nicolae_overflow_quartered_altars, nemelex_xobeh_ov_fountains_minmay,
          uniq_natasha, uniq_robin
D:4:      overflow_temple_1_default, corexii_item_surrounded_by_moat,
          uniq_sigmund

Skill      XL: |  1  2  3  4  5  6 |
---------------+-------------------+-----
Conjurations   | 2 3 4 |  4.0
Stealth        | 3 |  3.0
Spellcasting   | 4 5 |  5.6
Fire Magic     | 4 5 |  5.4
Dodging        | 3 |  3.0

Action                   |  1- 3 |  4- 6 || total
-------------------------+-------+-------++-------
Melee: Dagger            |    10 |     1 ||    11
Throw: Stone             |     4 |     5 ||     9
 Cast: Flame Tongue      |    68 |    79 ||   147
       Sticky Flame      |       |     2 ||     2
       Conjure Flame     |       |     1 ||     1
  Use: Scroll            |     4 |     2 ||     6
       Potion            |     3 |       ||     3
  Eat: Chunk             |     2 |     3 ||     5
Armor: Robe              |     5 |     9 ||    14
Dodge: Dodged            |    26 |    23 ||    49

Table legend:
 A = Spawn XP
 B = Non-spawn XP
 C = Spawn XP percentage of total XP
 D = Spawn monster count
 E = Non-spawn monster count
 F = Spawn count percentage of total count
 G = Total turns spent on level
                    A         B        C        D         E        F      G
               +---------+---------+-------+---------+---------+-------+---------
         Total |       0 |     587 |   0.0 |       0 |      75 |   0.0 |  2589
               +---------+---------+-------+---------+---------+-------+---------
           D:1 |       0 |      30 |   0.0 |       0 |      20 |   0.0 |   734
           D:2 |       0 |      29 |   0.0 |       0 |      10 |   0.0 |   538
           D:3 |       0 |     317 |   0.0 |       0 |      34 |   0.0 |  1056
           D:4 |       0 |     211 |   0.0 |       0 |      11 |   0.0 |   261
               +---------+---------+-------+---------+---------+-------+---------
